 Dungeon Crawl Stone Soup version 0.27-a0-920-gb2bd10914a (webtiles) character file.

Game seed: 596815689105457519

3689 spiderkeys the Covert (level 10, -9/58 HPs)
             Began as an Octopode Brigand on Apr 9, 2021.
             Was an Elder of Hepliaklqana.
             Shot with an arrow by a centaur warrior (10 damage)
             ... on level 8 of the Dungeon.
             The game lasted 00:20:14 (7300 turns).

spiderkeys the Covert (Octopode Brigand)            Turns: 7300, Time: 00:20:14

Health: -9/58      AC:  1    Str: 11    XL:     10   Next: 13%
Magic:  12/12      EV: 17    Int: 14    God:    Hepliaklqana [****..]
Gold:   408        SH:  0    Dex: 16    Spells: 6/9 levels left

rFire    . . .     SeeInvis .   u - +5 dagger (venom)
rCold    . . .     Faith    .   (no shield)
rNeg     . . .     Spirit   .   (helmet restricted)
rPois    .         Reflect  .   e - amulet of regeneration
rElec    .         Harm     .   s - +4 ring of slaying
rCorr    .         Rampage  .   (no ring)
Will     .....                  (no ring)
Stlth    +++++.....             (no ring)
HPRegen  1.19/turn              (no ring)
MPRegen  0.13/turn              (no ring)
                                (no ring)
                                (no ring)

@: hasted, studying Crossbows, very quick
A: reduced essence, almost no armour, amphibious, 8 rings, camouflage 1,
gelatinous body 1, (nimble swimmer 1), tentacles
a: Renounce Religion, Recall Ancestor, Ancestor Identity, Transference, Idealise


You were on level 8 of the Dungeon.
You worshipped Hepliaklqana.
Hepliaklqana was greatly pleased with you.
You visited 1 branch of the dungeon, and saw 8 of its levels.
You also visited: Ossuary.

You collected 408 gold pieces.

Inventory:

Hand Weapons
 a - a +2 dagger
 c - a +1 vampiric rapier
 r - a +3 dagger
 u - a +5 dagger of venom (weapon)
Missiles
 b - 38 poisoned darts (quivered)
 n - 4 atropa-tipped darts
 t - 2 throwing nets
 x - 2 curare-tipped darts
Jewellery
 e - an amulet of regeneration (around mantle)
 s - a +4 ring of slaying (left tentacle)
Wands
 m - a wand of iceblast (5)
 w - a wand of flame (22)
 y - a wand of random effects (17)
 A - a wand of charming (12)
 F - a wand of acid (18)
Scrolls
 d - a scroll of silence {unknown}
 v - 2 scrolls of teleportation
 B - a scroll of brand weapon
 E - a scroll of fog
 G - a scroll of fear
 H - a scroll of magic mapping
Potions
 f - a potion of might
 g - 2 potions of lignification
 i - 2 potions of brilliance {unknown}
 k - 2 potions of flight {unknown}
 l - 2 potions of mutation
 o - 2 potions of ambrosia
 p - 7 potions of curing
 q - 2 potions of attraction {unknown}
 z - a potion of cancellation {unknown}
 C - a potion of magic {unknown}
 D - a potion of resistance {unknown}
 I - a potion of invisibility {unknown}


   Skills:
 + Level 4.7 Fighting
 + Level 6.3 Short Blades
 - Level 2.9 Throwing
 * Level 7.4 Dodging
 - Level 10.0 Stealth
 + Level 6.0 Hexes
 + Level 3.7 Invocations


You had 6 spell levels left.
You knew the following spells:

 Your Spells              Type           Power      Damage    Failure   Level
a - Confusing Touch       Hex            16%        N/A       8%          3

Your spell library contained the following spells:

 Spells                   Type           Power      Damage    Failure   Level
 Portal Projectile        Hex/Tloc       16%        N/A       26%         3
 Gell's Gravitas          Tloc           0%         N/A       65%         3
 Metabolic Englaciation   Hex/Ice        4%         N/A       93%         5
 Yara's Violent Unravell  Hex/Tmut       4%         3d4       93%         5
 Passage of Golubria      Tloc           N/A        N/A       96%         4
 Petrify                  Tmut/Erth      0%         N/A       96%         4
 Manifold Assault         Tloc           0%         N/A       100%        5
 Dispersal                Tloc           0%         N/A       100%        6
 Borgnjor's Revivificati  Necr           0%         N/A       100%        8
 Disjunction              Tloc           0%         N/A       100%        8
 Infestation              Necr           0%         N/A       100%        8
 Necromutation            Tmut/Necr      0%         N/A       100%        8
 Death's Door             Necr           0%         N/A       100%        9


Dungeon Overview and Level Annotations

Branches:
Dungeon (8/15)             Temple (0/1) D:6         Ossuary (visited)
   Lair: D:8-11

Altars:
Cheibriados
Dithmenos
Fedhas
Hepliaklqana
Xom
Yredelemnul

Shops:
D:6 [


Innate Abilities, Weirdness & Mutations

Your life essence is reduced to manifest your ancestor. (-10% HP)
You cannot wear most types of armour.
You are amphibious.
You can wear up to eight rings at the same time.
Your skin changes colour to match your surroundings (Stealth+).
Your rubbery body absorbs attacks. (AC +1, EV +1)
((You are camouflaged near water. (Stealth+)))
You have tentacles for arms and can constrict up to eight enemies at once.


Message History

The hornet zombie is moderately damaged.
You constrict the hornet zombie. The hornet zombie barely misses you.
You swap places.
You release your grip on the hornet zombie.
Othorpe barely misses the centaur warrior.
Okay, then.
The steam dragon breathes steam at you.
The ball of steam hits Othorpe!
Othorpe resists.
The ball of steam misses you.
Othorpe hits the steam dragon but does no damage.
Othorpe drains the steam dragon.
The centaur warrior unwields the +4 short sword of Starshine {drain, rF+ Int+4}.
The centaur warrior wields a +1 longbow of freezing.
It is covered in frost.
The centaur warrior shoots an arrow.
The arrow hits Othorpe!
The arrow freezes Othorpe.
You hear a bellow! x2; You hear a shout! x2; You hear two shouts!
You are engulfed in a cloud of scalding steam.
Something hits Othorpe!
Othorpe is destroyed!
The centaur warrior unwields the +4 short sword of Starshine {drain, rF+ Int+4}.
The centaur warrior wields a +1 longbow of freezing.
It is covered in frost.
The centaur warrior shoots an arrow.
The arrow barely misses you.
The centaur warrior shoots an arrow.
The arrow hits you!!
Ouch! That really hurt!
* * * LOW HITPOINT WARNING * * *
The arrow freezes you!
* * * LOW HITPOINT WARNING * * *
Okay, then.
You feel much better.
The centaur warrior shoots an arrow.
The arrow closely misses you.
As you read the scroll of fog, it crumbles to dust.
The scroll dissolves into smoke.
You feel yourself speed up.
The centaur warrior shoots an arrow.
The arrow hits you!!
Ouch! That really hurt!
* * * LOW HITPOINT WARNING * * *
The arrow freezes you!
You die...

..# ..# #.# #.. #.#
#######.# ........##
############§.##
#......§§@§c§..##
..#####.############cD#
#..........# ##§#
#######.##.# #§# #
####.##.## #§c#
#........# #.#F# #
####.##.##..# ..##Z. #.
#...).......# ..# #.#
#.# #.##.##.###.# ..##
#.. #†


You could see a centaur warrior.

Vanquished Creatures
  Grinder (D:5)
  A steam dragon (D:7)
  Menkaure (Ossuary)
  Duvessa (D:5)
  An orc warrior (D:8)
  An ice beast (D:6)
  2 necrophages
  2 ogres
  2 centaurs
  2 phantoms (D:4)
  Blork the orc (D:6)
  A bullfrog (D:6)
  2 kobold brigands (D:8)
  7 scorpions
  3 killer bees (D:8)
  4 howler monkeys
  2 centaur zombies (D:8)
  A bullfrog zombie (D:6)
  2 hounds
  A centaur skeleton (D:6)
  A gnoll shaman (D:6)
  An orc priest (D:8)
  6 orc wizards
  3 iguanas
  3 mummies (Ossuary)
  9 gnolls
  A howler monkey zombie (D:7)
  4 adders
  A white imp (D:5)
  6 dart slugs
  8 orcs
  5 ball pythons
  2 endoplasms
  2 giant cockroaches (D:2)
  5 gnoll zombies (Ossuary)
  9 goblins
  7 hobgoblins
  9 jackals
  5 quokkas
  4 bats
  3 frilled lizards
  5 gnoll skeletons (Ossuary)
  6 goblin skeletons (Ossuary)
  3 goblin zombies (Ossuary)
  4 hobgoblin skeletons (Ossuary)
  A hobgoblin zombie (Ossuary)
  7 kobolds
  2 kobold skeletons (Ossuary)
  5 kobold zombies (Ossuary)
  4 orc skeletons (Ossuary)
  3 orc zombies (Ossuary)
  9 rats
  3 rat skeletons (Ossuary)
  6 rat zombies (Ossuary)
190 creatures vanquished.

Vanquished Creatures (collateral kills)
  A steam dragon (D:8)
  A centaur (D:4)
  Dowan (D:5)
  A killer bee (D:8)
  A howler monkey (D:8)
  A jelly (D:3)
  A bullfrog skeleton (D:6)
  Crazy Yiuf (D:7)
  Ijyb (D:5)
  An iguana (D:4)
  An orc wizard (D:4)
  A howler monkey zombie (D:5)
  A gnoll (D:7)
  An adder (D:4)
  A shadow imp (D:6)
  4 orcs (D:4)
  2 ball pythons
  A goblin (D:4)
  A jackal (D:4)
  2 bats (D:3)
  A goblin zombie (Ossuary)
  A hobgoblin zombie (Ossuary)
  2 kobolds
29 creatures vanquished.

Vanquished Creatures (others)
  A centaur (D:8)
  4 hexers
  A rat skeleton (Ossuary)
6 creatures vanquished.

Grand Total: 225 creatures vanquished

Notes
Turn   | Place    | Note
-------+----------+-------------------------------------------
     0 | D:1      | spiderkeys the Octopode Brigand began the quest for the
                  | Orb.
     0 | D:1      | Reached XP level 1. HP: 14/14 MP: 1/1
    63 | D:1      | Found a faded altar of an unknown god.
   146 | D:1      | Became a worshipper of Hepliaklqana the Forgotten
   146 | D:1      | Reached * piety under Hepliaklqana
   291 | D:1      | Reached XP level 2. HP: 17/17 MP: 2/2
   537 | D:1      | Reached XP level 3. HP: 21/21 MP: 3/3
   992 | D:1      | You fall into a shaft and drop 1 floor!
  1698 | D:2      | Reached XP level 4. HP: 27/27 MP: 4/4
  1738 | D:2      | Reached ** piety under Hepliaklqana
  1739 | D:2      | Remembered your ancestor Othorpe as a hexer
  1965 | D:3      | Learned a level 3 spell: Confusing Touch
  1990 | D:3      | Reached XP level 5. HP: 28/31 MP: 5/5
  2067 | D:3      | Reached skill level 1 in Hexes
  2316 | D:4      | Reached skill level 6 in Stealth
  2322 | D:4      | Reached XP level 6. HP: 30/36 MP: 6/6
  2442 | D:4      | Reached XP level 7. HP: 30/40 MP: 7/7
  2533 | D:4      | Reached skill level 7 in Stealth
  2779 | D:4      | Found a shimmering altar of Xom.
  3102 | D:4      | Reached *** piety under Hepliaklqana
  3248 | D:5      | Entered Level 5 of the Dungeon
  3251 | D:5      | Found a shadowy altar of Dithmenos.
  3322 | D:5      | Reached XP level 8. HP: 45/45 MP: 8/8
  3419 | D:5      | Reached skill level 5 in Hexes
  3572 | D:5      | Reached skill level 8 in Stealth
  3602 | D:5      | Noticed Duvessa
  3605 | D:5      | Noticed Dowan
  3617 | D:5      | Killed Duvessa
  3619 | D:5      | Killed Dowan
  3728 | D:5      | Noticed Ijyb
  3737 | D:5      | Killed Ijyb
  3738 | D:5      | Reached skill level 5 in Short Blades
  3884 | D:5      | Noticed Grinder
  3888 | D:5      | Paralysed by Grinder for 5 turns
  3900 | D:5      | Killed Grinder
  3901 | D:5      | Reached skill level 5 in Dodging
  4270 | D:6      | Noticed Blork the orc
  4276 | D:6      | Reached XP level 9. HP: 49/49 MP: 9/9
  4279 | D:6      | Killed Blork the orc
  4306 | D:6      | Reached skill level 1 in Invocations
  4316 | D:6      | Reached **** piety under Hepliaklqana
  4388 | D:6      | Found Haigg's Armour Shop.
  4501 | D:6      | Found a staircase to the Ecumenical Temple.
  4572 | D:6      | Found a sand-covered staircase.
  4591 | Ossuary  | Entered an ossuary
  4856 | Ossuary  | Noticed Menkaure
  4882 | Ossuary  | Killed Menkaure
  4883 | Ossuary  | Reached skill level 9 in Stealth
  5700 | D:7      | Found a basalt altar of Yredelemnul.
  5700 | D:7      | Found a blossoming altar of Fedhas.
  6032 | D:7      | Found a runed translucent door.
  6033 | D:7      | Noticed Crazy Yiuf
  6128 | D:7      | Found a snail-covered altar of Cheibriados.
  6255 | D:7      | Killed Crazy Yiuf
  6370 | D:8      | Noticed a troll
  6374 | D:8      | Reached XP level 10. HP: 25/58 MP: 9/12
  6379 | D:8      | Identified the +1 robe of a ziggurat {rElec Regen+ Dex+2}
  6379 | D:8      | Identified the ring "Ricech" {rElec rC- rN+ Str+6 Dex+3}
  6379 | D:8      | Noticed a deep elf pyromancer
  6379 | D:8      | Identified the +4 short sword of Starshine {drain, rF+
                  | Int+4}
  6379 | D:8      | Noticed a centaur warrior
  6379 | D:8      | Noticed a centaur warrior
  7227 | D:8      | Reached skill level 10 in Stealth
  7300 | D:8      | HP: 1/58 [centaur warrior/arrow (32)]
  7300 | D:8      | Shot with an arrow by a centaur warrior

Illustrated notes

Levels and vault maps discovered:
D:1:      eino_arrival_cavern_a, layout_loops_corners,
          ebering_ecumenical_altar_ruins, minmay_3d_cube
D:2:      wad_crossroads, layout_loops_ring, kennysheep_cluttered_room,
          minmay_between
D:3:      layout_rooms
D:4:      layout_basic, kennysheep_little_box, minmay_manual_mares
D:5:      layout_gridville, lemuel_crystal_altar, minivault_5, uniq_duvessa,
          uniq_grinder, uniq_ijyb
D:6:      cheibrodos_barr_body, layout_basic, minmay_temple_entry_hall,
          serial_shops, nicolae_shop_crystal,
          nicolae_ossuary_entry_false_entrances, uniq_blork_the_orc
D:7:      layout_loops_cross, overflow_temple_1_default,
          gammafunk_temple_overflow_statue, uniq_crazy_yiuf_cottage
D:8:      minmay_the_grid_octo_tiled_octocenter [minmay_the_grid_octo_focus,
          minmay_the_grid_octo_horde, minmay_the_grid_octo_checkerflower,
          minmay_the_grid_octo_thin_diamonds,
          minmay_the_grid_octo_prize_square_snowflake,
          minmay_the_grid_square_5x5_detours,
          minmay_the_grid_square_5x5_doubleslash,
          minmay_the_grid_square_5x5_three_small,
          minmay_the_grid_square_5x5_n_small], layout_loops_ring, tgw_trog,
          nrook_mini_vaults, uniq_grum

Skill      XL: |  1  2  3  4  5  6  7  8  9 10 |
---------------+-------------------------------+-----
Dodging        | 2 3 5 7 |  7.4
Hexes          | 2 3 4 6 |  6.0
Short Blades   | 3 4 5 6 |  6.3
Stealth        | 6 7 8 9 10 | 10.0
Fighting       | 4 |  4.7
Invocations    | 3 |  3.7
Throwing       | |  2.9

Action                   |  1- 3 |  4- 6 |  7- 9 | 10-12 || total
-------------------------+-------+-------+-------+-------++-------
Melee: Dagger            |    53 |    71 |   258 |    32 ||   414
       Constrict         |    14 |    13 |    72 |     8 ||   107
       Tentacles         |     9 |    14 |    60 |     7 ||    90
Throw: Dart              |       |       |     5 |     3 ||     8
 Cast: Confusing Touch   |       |       |     2 |       ||     2
Invok: Ancestor Identity |     1 |       |       |       ||     1
       Recall Ancestor   |     2 |       |     1 |     1 ||     4
       Ancestor Life: He |       |     1 |       |       ||     1
Evoke: Wand              |       |       |     2 |     1 ||     3
  Use: Scroll            |     2 |     4 |    12 |     2 ||    20
       Potion            |       |       |     2 |     2 ||     4
 Stab: Sleeping          |    16 |     9 |    31 |       ||    56
       Distracted        |       |       |     4 |       ||     4
       Confused          |       |       |     7 |     1 ||     8
Armor: Skin              |     1 |     7 |    12 |     1 ||    21
Dodge: Dodged            |    17 |    45 |   123 |    30 ||   215

Table legend: (Time is in decaauts)
 A = Elapsed time spent in this place.
 B = Non-inter-level travel time spent in this place.
 C = Inter-level travel time spent in this place.
 D = Time resting spent in this place.
 E = Time spent auto-exploring this place.
 F = Levels seen in this place.
 G = Mean time per level.
                   A        B        C        D        E       F      G
               +--------+--------+--------+--------+--------+-----+--------+
         Total |   7205 |   6710 |    495 |    740 |   4590 |   9 |  800.6 |
       Dungeon |   6849 |   6354 |    495 |    722 |   4481 |   8 |  856.1 |
       Ossuary |    356 |    356 |      0 |     18 |    109 |   1 |  356.0 |
               +--------+--------+--------+--------+--------+-----+--------+

Top non-repeatable levels by time:
     D:7: 1463 daAuts
     D:1: 1181 daAuts
     D:5: 1004 daAuts
     D:4: 936 daAuts
     D:6: 916 daAuts
     D:2: 748 daAuts
     D:3: 357 daAuts
 Ossuary: 356 daAuts
     D:8: 241 daAuts
